AoeStats
← Shane-Saw FR

Arena

509956165Analyzed
4v4 RM · 4d ago on Sep 28, 2026· 39m 10s· 8 players
Game mode
Random Map
Map size
Large (8 player)
Population
200
Speed
Normal
Resources
Standard
Victory
Conquest
Starting age
Dark Age
Ending age
Imperial Age
RankedLock teamsTeams togetherTeam positionsShared explorationLock speedFull tech treeHidden civsTurbo modeCheats
Victory
Defeat
🇺🇸 Lithuanians · United States
1313
+15
🇦🇷 Danes · Argentina
1284
+16
🇨🇳 Persians · China
1277
+16
🇧🇴 Bengalis · Bolivia
1242
+18
🇪🇸 Persians · Spain
1339
-19
🇪🇸 Celts · Spain
1280
-16
🇫🇷 Ethiopians · France
1269
-16
🇸🇪 Khmer · Sweden
1242
-14
Mesq6000
10:55 Feudal Age
10:06 Loom
14:34 Castle Age
13:49 Double-Bit Axe
14:09 Horse Collar
20:38 Wheelbarrow
22:19 Gold Mining
22:20 Stone Mining
29:32 Imperial Age
27:42 Scale Mail Armor
28:54 Chain Mail Armor
30:11 Ballistics
31:20 Chemistry
31:19 Plate Mail Armor
35:07 Pikeman
36:02 Forging
36:01 Halberdier
vivero
10:39 Feudal Age
12:13 Double-Bit Axe
12:18 Horse Collar
14:59 Castle Age
16:18 Bow Saw
16:10 Heavy Plow
25:53 Loom
31:22 Imperial Age
29:40 Wheelbarrow
29:25 Forging
29:29 Scale Barding Armor
30:53 Iron Casting
32:09 Chain Barding Armor
33:52 Blast Furnace
33:26 Conscription
33:08 Elite War Elephant
35:03 Plate Barding Armor
Shane-Saw FR
10:16 Feudal Age
14:47 Castle Age
13:21 Double-Bit Axe
15:30 Loom
16:01 Bow Saw
20:55 Wheelbarrow
34:43 Fletching
34:53 Padded Archer Armor
34:50 Crossbowman
37:36 Ballistics
BIZZ9 | Zerkanoo
12:27 Feudal Age
15:44 Castle Age
13:48 Horse Collar
14:04 Double-Bit Axe
17:34 Bow Saw
17:27 Heavy Plow
29:23 Imperial Age
26:51 Gold Mining
28:53 Wheelbarrow
28:03 Loom
29:09 Ballistics
30:17 Double Crossbow
30:25 Siege Engineers
30:34 Fortified Wall
30:35 Masonry
31:12 Conscription
31:11 Heavy Scorpion
32:55 Hand Cart
36:59 Town Watch
36:40 Pikeman
37:21 Scale Mail Armor
37:32 Forging
37:17 Halberdier
38:25 Chain Mail Armor
39:59 Iron Casting
Octosaurus
11:10 Feudal Age
15:08 Castle Age
13:49 Double-Bit Axe
14:06 Horse Collar
16:36 Bow Saw
24:51 Wheelbarrow
27:42 Imperial Age
27:49 Imperial Age
25:07 Loom
25:25 Gold Mining
25:37 Heavy Plow
26:36 Scale Barding Armor
26:42 Forging
28:13 Bloodlines
28:04 Husbandry
28:44 Chain Barding Armor
29:00 Iron Casting
28:09 Cavalier
30:28 Plate Barding Armor
30:27 Hand Cart
31:14 Two-Man Saw
29:45 Paladin
31:14 Crop Rotation
30:37 Stone Mining
34:59 Light Cavalry
35:56 Masonry
38:22 Conscription
38:38 Hoardings
39:27 Town Watch
Zx0mB0Y
11:23 Feudal Age
15:39 Castle Age
14:01 Horse Collar
14:15 Double-Bit Axe
14:46 Horse Collar
17:08 Bow Saw
20:48 Stone Mining
23:41 Wheelbarrow
24:33 Heavy Plow
24:44 Loom
25:00 Gold Mining
29:43 Imperial Age
27:40 Hand Cart
27:38 Fletching
28:42 Fortified Wall
28:53 Ballistics
29:22 Paiks
29:19 Padded Archer Armor
30:08 Bodkin Arrow
30:31 Leather Archer Armor
31:01 Bracer
32:04 Chemistry
32:21 Two-Man Saw
31:52 Crop Rotation
33:00 Ring Archer Armor
32:32 Scale Mail Armor
32:39 Scale Barding Armor
33:44 Forging
33:55 Chain Barding Armor
33:46 Elite Ratha (Ranged)
34:37 Siege Engineers
35:26 Plate Barding Armor
35:28 Iron Casting
35:09 Town Watch
35:48 Conscription
35:56 Husbandry
36:06 Bloodlines
37:29 Blast Furnace
36:30 Scale Mail Armor
35:52 Elite Elephant Archer
39:03 Murder Holes
LordofSun
11:11 Feudal Age
12:23 Double-Bit Axe
15:18 Castle Age
13:19 Horse Collar
14:19 Scale Mail Armor
16:24 Chain Mail Armor
18:29 Gambesons
19:59 Squires
24:51 Town Watch
24:51 Loom
29:12 Pikeman
31:01 Bow Saw
32:58 Arson
37:52 Imperial Age
37:39 Forging
37:58 Halberdier
38:51 Heavy Plow
38:20 Capped Ram
孤鸿
10:19 Feudal Age
14:08 Castle Age
11:59 Double-Bit Axe
12:06 Horse Collar
15:23 Bow Saw
19:49 Wheelbarrow
21:30 Loom
21:53 Stone Mining
22:13 Heavy Plow
23:16 Gold Mining
23:52 Hand Cart
26:40 Stone Shaft Mining
26:42 Gold Shaft Mining
31:10 Imperial Age
31:01 Scale Barding Armor
31:07 Forging
30:49 Elite War Elephant
31:52 Conscription
32:41 Two-Man Saw
32:32 Chain Barding Armor
32:22 Husbandry
32:34 Bloodlines
33:38 Iron Casting
33:08 Murder Holes
33:57 Devotion
34:40 Crop Rotation
36:53 Masonry
37:42 Hoardings
37:36 Fletching
38:29 Plate Barding Armor
Connection lost

Rejoining the realm…

Still unreachable

The connection could not be restored.

Session expired

The server has moved on; the page needs a fresh start.